cohdb
Replays
Latest Replays
All Replays
Popular Replays
Top Player Replays
Match Explorer
How It Works
Community
CoH3 Stats
Reddit
Sign in to upload your games and track your stats! →
Sign in with Steam
Nico nico NIi vs Jesulin (13min)
Match 43527279
Overview
Messages
Build Orders
End
Pioneer Squad
Construct Infanterie Kompanie
MG 42 Machine Gun Team
MG 42 Machine Gun Team
Grenadier Squad
Construct Luftwaffe Kompanie
221 Scout Car
Jäger Squad
Jäger Squad
Support Elements
Wirbelwind Flakpanzer
Luftwaffe Officer Quarters
Nico-Nico-Nii~~
Jesulin
0
0
Comments
sign in to comment!
No comments posted yet!